AoeStats
← ImJoker

Arena

510354142Analyzed
4v4 RM · 8h ago on Sep 30, 2026· 45m 29s· 8 players
Game mode
Random Map
Map size
Large (8 player)
Population
200
Speed
Normal
Resources
Standard
Victory
Conquest
Starting age
Dark Age
Ending age
Imperial Age
RankedLock teamsTeams togetherTeam positionsShared explorationLock speedFull tech treeHidden civsTurbo modeCheats
Victory
Defeat
🇨🇳 Romans · China
1043
+18
🇨🇳 Mongols · China
1009
+19
🇨🇳 Inca · China
998
+20
🇨🇴 Slavs · Colombia
978
+20
🇹🇷 Byzantines · Türkiye
1175
-23
🇦🇷 Berbers · Argentina
1074
-19
🇹🇷 Franks · Türkiye
1068
-19
🇹🇷 Khmer · Türkiye
1005
-16
mikey
10:06 Feudal Age
14:25 Castle Age
12:40 Double-Bit Axe
18:59 Bow Saw
19:51 Loom
20:36 Horse Collar
21:28 Heavy Plow
22:08 Man-at-Arms
22:48 Squires
23:29 Wheelbarrow
22:42 Loom
23:14 Scale Mail Armor
23:19 Gold Mining
25:09 Hand Cart
24:39 Town Watch
25:13 Chain Mail Armor
25:15 Long Swordsman
27:38 Ballistics
31:03 Imperial Age
29:32 Forging
29:16 Fletching
30:08 Gold Shaft Mining
30:52 Ballistas
32:05 Iron Casting
31:50 Heavy Scorpion
33:25 Siege Engineers
34:09 Legionary
36:11 Bodkin Arrow
38:14 Conscription
39:01 Chemistry
38:58 Crop Rotation
38:41 Capped Ram
41:50 Blast Furnace
41:53 Comitatenses
42:10 Stone Mining
42:35 Masonry
45:05 Elite Centurion
El Gran Pavka
10:57 Feudal Age
14:57 Castle Age
13:11 Double-Bit Axe
13:19 Horse Collar
14:23 Scale Barding Armor
15:22 Forging
16:19 Loom
19:21 Bow Saw
24:41 Wheelbarrow
24:01 Pikeman
25:11 Scale Mail Armor
31:47 Imperial Age
30:03 Chain Mail Armor
30:24 Iron Casting
30:10 Chain Barding Armor
29:54 Squires
29:15 Man-at-Arms
30:38 Padded Archer Armor
30:41 Heavy Plow
30:31 Town Watch
31:07 Hand Cart
31:31 Husbandry
31:42 Bloodlines
30:58 Long Swordsman
33:16 Conscription
32:49 Cavalier
34:24 Plate Mail Armor
34:56 Blast Furnace
33:40 Halberdier
34:37 Two-Handed Swordsman
35:48 Detinets
35:52 Druzhina
35:42 Champion
37:47 Town Patrol
38:58 Plate Barding Armor
39:59 Chemistry
39:20 Ballistics
38:56 Murder Holes
38:53 Fletching
39:19 Leather Archer Armor
40:46 Elite Boyar
44:55 Two-Man Saw
44:26 Crop Rotation
43:53 Bodkin Arrow
44:29 Ring Archer Armor
宝宝巴士
9:37 Feudal Age
13:48 Castle Age
13:26 Loom
20:06 Horse Collar
22:52 Double-Bit Axe
25:20 Bow Saw
25:11 Heavy Plow
28:12 Gold Mining
31:02 Imperial Age
29:07 Ballistics
29:56 Wheelbarrow
29:46 Padded Archer Armor
29:55 Stone Mining
30:42 Gold Shaft Mining
30:30 Thumb Ring
30:44 Bloodlines
30:36 Husbandry
30:43 Fletching
31:41 Hand Cart
31:44 Elite Steppe Lancer
33:00 Parthian Tactics
32:44 Scale Barding Armor
32:54 Leather Archer Armor
34:29 Conscription
34:31 Chain Barding Armor
35:47 Stone Shaft Mining
35:40 Elite Mangudai
37:33 Bodkin Arrow
37:49 Forging
40:21 Drill
39:44 Onager
41:34 Iron Casting
40:59 Bracer
41:01 Caravan
43:19 Blast Furnace
44:14 Masonry
43:34 Pikeman
Xcw
9:38 Feudal Age
13:49 Castle Age
12:09 Double-Bit Axe
21:47 Town Watch
21:48 Loom
25:20 Horse Collar
26:55 Wheelbarrow
28:36 Scale Mail Armor
32:31 Imperial Age
30:47 Hand Cart
30:33 Pikeman
31:50 Bow Saw
31:40 Heavy Plow
31:50 Stone Mining
32:11 Fletching
32:36 Chain Mail Armor
32:32 Forging
32:28 Squires
32:06 Champi Runner
34:29 Block Printing
33:49 Halberdier
36:27 Chemistry
35:38 Fortified Wall
35:39 Masonry
36:21 Theocracy
42:01 Sanctity
42:55 Plate Mail Armor
43:01 Iron Casting
42:21 Bodkin Arrow
44:17 Town Patrol
caltan
11:11 Feudal Age
14:53 Castle Age
12:52 Double-Bit Axe
13:15 Horse Collar
15:57 Heavy Plow
17:26 Loom
20:43 Bow Saw
21:42 Wheelbarrow
24:44 Hand Cart
26:56 Gambesons
27:11 Squires
26:56 Arson
27:24 Scale Mail Armor
27:34 Forging
28:46 Chain Mail Armor
32:39 Imperial Age
31:07 Man-at-Arms
35:24 Conscription
36:30 Plate Mail Armor
36:35 Iron Casting
35:42 Onager
36:14 Long Swordsman
Kori
10:32 Feudal Age
14:08 Castle Age
12:35 Double-Bit Axe
16:26 Bow Saw
20:12 Loom
26:49 Wheelbarrow
30:28 Imperial Age
29:11 Hand Cart
29:03 Scale Barding Armor
29:08 Forging
29:17 Town Watch
29:30 Gold Mining
29:30 Stone Mining
30:23 Town Patrol
30:45 Husbandry
31:21 Iron Casting
31:07 Chain Barding Armor
30:33 Cavalier
31:38 Conscription
33:58 Plate Barding Armor
34:24 Blast Furnace
33:03 Paladin
42:15 Gold Shaft Mining
ImJoker
10:21 Feudal Age
13:40 Castle Age
14:30 Double-Bit Axe
22:15 Bow Saw
21:51 Horse Collar
24:33 Heavy Plow
25:14 Wheelbarrow
25:02 Gold Mining
30:22 Imperial Age
29:00 Padded Archer Armor
28:51 Fletching
29:11 Forging
29:43 Ballistics
30:23 Hand Cart
29:58 Town Watch
30:43 Leather Archer Armor
30:23 Bodkin Arrow
31:43 Iron Casting
31:46 Heavy Scorpion
33:04 Ring Archer Armor
33:19 Gold Shaft Mining
34:45 Chemistry
34:52 Double Crossbow
36:35 Bracer
repulge
10:37 Feudal Age
11:44 Loom
14:32 Castle Age
12:38 Horse Collar
12:50 Double-Bit Axe
12:55 Horse Collar
16:37 Bow Saw
17:08 Heavy Plow
20:58 Wheelbarrow
22:01 Fletching
22:15 Padded Archer Armor
22:59 Gold Mining
23:12 Town Watch
24:00 Bodkin Arrow
23:59 Stone Mining
24:34 Husbandry
24:45 Bloodlines
25:00 Leather Archer Armor
27:31 Ballistics
27:59 Hand Cart
27:44 Town Patrol
28:19 Scale Barding Armor
28:26 Forging
35:00 Imperial Age
34:28 Chain Barding Armor
34:43 Iron Casting
35:50 Cavalier
37:43 Plate Barding Armor
37:44 Iron Casting
37:10 Bracer
37:26 Heavy Camel Rider
39:05 Conscription
Connection lost

Rejoining the realm…

Still unreachable

The connection could not be restored.

Session expired

The server has moved on; the page needs a fresh start.